Map: Prion Terraces

Players

Pineapple - Winner!

  • Race: Zerg Zerg
  • League: Platinum

LilDicky

  • Race: Terran Terran
  • League: Diamond

VOD

http://www.twitch.tv/tumescentpie

Description

Time

  • Played on: Dec. 1, 2015, 5:08 p.m.
  • Length: 10:26
Show
View Real Time Build Order
Export as new Build Order

Pineapple Zerg - Winner!

Build Orders: Hatch First, Muta Ling Bane 

Get SALT Encoding   

  12  0:01  Drone  
  14  0:14  Drone  
  14  0:17  Overlord  
  14  0:35  Drone x2  
  16  0:36  Drone  
  17  0:46  Drone  
  18  1:00  Drone  
  18  1:02  Hatchery  
  18  1:15  Spawning Pool  
  18  1:17  Drone, Extractor  
  17  1:21  Drone  
  18  1:29  Drone  
  19  1:40  Drone  
  20  1:50  Overlord  
  20  2:01  Drone  
  20  2:08  Queen  
  21  2:15  Drone x2  
  25  2:17  Metabolic Boost  
  25  2:19  Queen  
  27  2:23  Zergling x2  
  27  2:25  Zergling x2  
  29  2:37  Spine Crawler  
  29  2:39  Drone  
  29  2:43  Spine Crawler  
  28  2:52  Drone x3  
  32  3:00  Drone x2  
  34  3:06  Drone  
  34  3:11  Overlord  
  35  3:16  Extractor  
  35  3:19  Baneling Nest  
  33  3:20  Drone x2  
  35  3:30  Overlord  
  35  3:31  Overlord  
  35  3:32  Drone x2  
  35  3:33  Drone x2  
  35  3:34  Drone x2  
  41  3:45  Drone x2  
  43  3:48  Queen  
  43  3:54  Evolution Chamber  
  44  3:56  Evolution Chamber  
  44  3:59  Roach Warren  
  44  4:00  Drone x2  
  44  4:01  Spine Crawler  
  43  4:09  Zergling x4  
  45  4:10  Zergling x10  
  45  4:16  Lair  
  50  4:18  Drone  
  51  4:29  Zerg Ground Armor Level 1  
  51  4:30  Zerg Melee Weapons Level 1  
  51  4:38  Drone  
  51  4:39  Drone x7  
  51  4:44  Overlord  
  58  5:01  Burrow  
  58  5:03  Drone  
  58  5:04  Drone x3  
  62  5:17  Hatchery  
  57  5:31  Drone x3  
  57  5:46  Extractor x2  
  57  5:49  Drone  
  58  5:50  Drone x9, Spire  
  64  6:00  Centrifical Hooks  
  64  6:02  Zergling x4  
  66  6:07  Zergling x2  
  67  6:18  Zergling x2  
  68  6:19  Overlord x2  
  68  6:20  Overlord  
  68  6:28  Baneling x2  
  68  6:29  Queen  
  68  6:32  Overlord x3  
  70  6:33  Drone x2  
  72  6:43  Baneling x2  
  72  6:44  Baneling x4  
  72  6:50  Drone x7  
  72  6:52  Extractor  
  78  6:56  Extractor, Zerg Melee Weapons Level 2  
  78  6:57  Spine Crawler x2  
  78  6:59  Zergling x6  
  78  7:00  Zergling x4  
  80  7:07  Hatchery  
  78  7:09  Zergling x6  
  81  7:23  Zergling x2  
  81  7:24  Zergling x12  
  81  7:27  Zerg Flyer Weapons Level 1  
  81  7:29  Infestation Pit  
  87  7:31  Zerg Ground Armor Level 2  
  87  7:32  Mutalisk x2  
  87  7:36  Baneling x3  
  91  7:37  Baneling  
  91  7:38  Zergling x2  
  91  7:39  Zergling x4  
  97  7:50  Corruptor  
  86  8:12  Mutalisk  
  86  8:13  Mutalisk x2  
  92  8:28  Overlord x2  
  92  8:29  Drone x4  
  92  8:30  Drone x4  
  92  8:32  Zergling x2  
  92  8:33  Zergling x10  
  106  8:38  Spore Crawler, Queen  
  107  8:42  Extractor  
  107  8:43  Extractor  
  105  8:49  Zergling x6  
  105  8:50  Zergling x2  
  95  9:14  Zergling x2  
  95  9:15  Zergling x24  
  108  9:20  Baneling x6  
  108  9:21  Baneling x7  
  108  9:22  Baneling  
  108  9:35  Mutalisk x5  
  118  9:46  Spine Crawler  
  118  9:48  Spore Crawler, Spine Crawler  
  118  9:49  Baneling  
  118  9:50  Baneling x7  
  118  9:51  Baneling x2  
  115  9:56  Mutalisk  
  117  10:00  Overlord  
  117  10:01  Zergling x8  
  117  10:02  Zergling x20  
Show
View Real Time Build Order
Export as new Build Order

LilDicky Terran 

Build Orders:  

Get SALT Encoding   

  12  0:02  SCV  
  13  0:14  SCV  
  13  0:20  Supply Depot  
  14  0:29  SCV  
  15  0:41  Refinery  
  15  0:43  SCV  
  15  0:45  Barracks  
  16  0:55  SCV  
  17  1:07  SCV  
  18  1:19  SCV  
  20  1:34  Reaper  
  20  1:35  Supply Depot  
  20  1:37  Orbital Command  
  20  1:58  Command Center  
  20  2:02  SCV  
  21  2:12  Marine  
  21  2:14  SCV  
  23  2:20  Factory, Refinery  
  23  2:36  Bunker  
  22  2:53  SCV  
  23  3:05  SCV  
  24  3:08  Factory Tech Lab  
  24  3:09  Marine  
  24  3:11  Orbital Command  
  25  3:14  Command Center  
  25  3:20  Supply Depot  
  25  3:21  SCV  
  26  3:29  Siege Tank  
  29  3:48  SCV  
  30  3:53  Barracks  
  30  3:54  Barracks  
  30  3:55  SCV  
  31  4:00  Barracks Reactor  
  30  4:04  Starport  
  30  4:06  Orbital Command  
  30  4:13  Engineering Bay  
  30  4:18  SCV  
  30  4:21  Engineering Bay  
  31  4:26  Siege Tank  
  34  4:35  SCV x2  
  36  4:41  Terran Infantry Weapons Level 1  
  36  4:47  SCV, Starport Reactor  
  36  4:48  Barracks Tech Lab  
  36  4:49  Barracks Tech Lab  
  34  4:57  Marine  
  29  5:10  Planetary Fortress  
  21  5:38  SCV, Marine  
  21  5:42  SCV  
  20  5:50  SCV  
  20  5:51  SCV  
  20  5:56  SCV  
  23  5:57  Liberator  
  23  5:58  Liberator  
  23  6:00  Marine x2  
  23  6:02  SCV  
  23  6:03  SCV, Marine  
  28  6:09  SCV  
  35  6:21  SCV x3  
  35  6:25  Marine  
  39  6:26  Marine  
  40  6:35  Marine x2  
  40  6:37  SCV  
  43  6:42  Terran Infantry Armor Level 1  
  43  6:43  SCV x2, Marine  
  46  6:49  SCV, Refinery x2  
  47  6:55  SCV x2  
  47  6:56  Marine x2  
  47  6:57  Marine  
  47  7:01  SCV, Marine  
  52  7:09  Supply Depot  
  52  7:14  Marine x3  
  55  7:19  SCV x3  
  55  7:20  Marine  
  55  7:22  Combat Shields, Stimpack  
  59  7:31  SCV x3  
  59  7:32  Marine x3  
  65  7:38  Marine  
  66  7:50  Marine x2  
  68  7:51  Marine  
  68  7:56  Marine  
  70  8:03  Liberator  
  70  8:04  Liberator  
  70  8:08  Marine x2  
  70  8:10  Marine  
  70  8:14  Marine  
  68  8:22  SCV x2  
  68  8:23  SCV  
  77  8:28  Missile Turret  
  77  8:29  Missile Turret  
  77  8:31  Missile Turret  
  77  8:36  Missile Turret, Marine x4  
  77  8:37  Supply Depot  
  81  8:47  Barracks  
  81  8:49  Barracks  
  81  8:51  Barracks  
  81  8:53  Missile Turret x2, Barracks, Marine x3  
  81  8:54  Marine  
  85  8:58  Missile Turret  
  85  8:59  SCV x2  
  87  9:06  Missile Turret  
  62  9:11  Marine x2  
  59  9:17  Marine x2  
  61  9:25  Medivac x2  
  61  9:29  Marine x2  
  67  9:32  Armory  
  67  9:35  Marine x2  
  67  9:36  Marine  
  70  9:42  Marine  
  71  9:47  Marine x2  
  73  9:53  Marine x4  
  73  9:54  SCV  
  73  9:58  Marine  
  73  9:59  SCV  
  80  10:00  Marine  
  80  10:04  Command Center  
  80  10:05  Marine x2  
Tags
 
Add a new tag
Caveats
  • Supply blocks, unpowered buildings, or Contaminate may cause inaccurate times.
  • Supply counts are checked every 10 seconds.